 Dungeon Crawl Stone Soup version 0.28-a0-691-gad6df49e81 (webtiles) character file.

Game seed: 1232776273553759593

17517 timneilson the Protected (level 12, -11/74 HPs)
             Began as a Gargoyle Fighter on Oct 21, 2021.
             Was an Elder of Okawaru.
             Mangled by an ettin (18 damage)
             ... on level 11 of the Dungeon.
             The game lasted 00:31:36 (15369 turns).

timneilson the Protected (Gargoyle Fighter)        Turns: 15369, Time: 00:31:36

Health: -11/74     AC: 27    Str: 23    XL:     12   Next: 48%
Magic:  12/14      EV: 12    Int: 11    God:    Okawaru [****..]
Gold:   96         SH: 14    Dex: 15    Spells: 11/11 levels left

rFire   + . .      SeeInvis .   m - +0 scimitar (elec)
rCold   . . .      Faith    .   c - +1 buckler
rNeg    + . .      Spirit   .   e - +0 plate armour
rPois   ∞          Reflect  +   (no helmet)
rElec   +          Harm     .   (no cloak)
rCorr   .          Rampage  .   B - +0 pair of gloves
Will    .....                   (no boots)
Stlth   ..........              C - amulet of reflection
HPRegen 0.22/turn               n - ring of protection from fire
MPRegen 0.14/turn               g - +6 ring of dexterity

@: heroic
A: sickness immunity, AC +8, negative energy resistance 1, electricity
resistance, torment resistance 1, petrification resistance
a: Renounce Religion, Heroism, Finesse


You were on level 11 of the Dungeon.
You worshipped Okawaru.
Okawaru was greatly pleased with you.
You visited 2 branches of the dungeon, and saw 13 of its levels.

You collected 486 gold pieces.
You spent 390 gold pieces at shops.

Inventory:

Hand Weapons
 a - a +1 long sword
 m - a +0 scimitar of electrocution (weapon)
Armour
 c - a +1 buckler (worn)
 e - a +0 plate armour (worn)
 B - a +0 pair of gloves (worn)
Jewellery
 g - a +6 ring of dexterity (right hand)
 j - a ring of positive energy
 k - a ring of willpower
 n - a ring of protection from fire (left hand)
 o - a ring of ice
 s - a ring of positive energy
 C - an amulet of reflection (around neck)
Wands
 f - a wand of paralysis (12)
 p - a wand of iceblast (6)
 v - a wand of flame (22)
 w - a wand of acid (7)
Scrolls
 b - 3 scrolls of magic mapping
 h - 3 scrolls of fog
 u - a scroll of identify
 x - 2 scrolls of teleportation
Potions
 d - 2 potions of cancellation
 i - 2 potions of flight
 l - a potion of might
 q - 2 potions of mutation
 r - a potion of curing
 t - 2 potions of magic


   Skills:
 + Level 8.2(13.2) Fighting
 * Level 9.0(14.0) Long Blades
 * Level 11.1(16.1) Armour
 + Level 5.5(10.5) Dodging
 * Level 11.0(16.0) Shields
 + Level 3.2 Invocations
 + Level 5.0 Evocations


You had 11 spell levels left.
You didn't know any spells.
Your spell library contained the following spells:

 Spells                   Type           Power      Damage    Failure   Level
 Apportation              Tloc           0%         N/A       95%         1
 Sandblast                Erth           0%         2d4       95%         1
 Corpse Rot               Necr/Air       0%         N/A       99%         2
 Passwall                 Tmut/Erth      0%         N/A       99%         2
 Poisonous Vapours        Pois/Air       0%         N/A       99%         2
 Stone Arrow              Conj/Erth      0%         3d7       100%        3
 Airstrike                Air            0%         N/A       100%        4
 Alistair's Intoxication  Tmut/Pois      0%         N/A       100%        5
 Lightning Bolt           Conj/Air       0%         1d11      100%        5
 Invisibility             Hex            0%         N/A       100%        6
 Summon Lightning Spire   Summ/Air       Unusable   N/A       N/A         4

Dungeon Overview and Level Annotations

Branches:
Dungeon (12/15)            Temple (1/1) D:4            Lair (0/6) D:10
    Orc (0/2) D:10

Altars:
Ashenzari
Cheibriados
Dithmenos
Elyvilon
Fedhas
Gozag
Hepliaklqana
Kikubaaqudgha
Makhleb
Nemelex Xobeh
Okawaru
Qazlal
Ru
Sif Muna
Trog
Uskayaw
Vehumet
Wu Jian
Xom
Yredelemnul
Zin
The Shining One

Shops:
D:1 *   D:4 :   D:6 [   D:7 *

Portals:
Abyss: D:11

Annotations:
D:10 5 runed translucent doors
D:11 2 transporters, lawman0's ghost, journeyman TrDe


Innate Abilities, Weirdness & Mutations

You are immune to sickness and miasma.
Your stone body is resilient. (AC +8)
You are immune to poison.
You resist negative energy. (rN+)
You are resistant to electric shocks. (rElec)
You are resistant to unholy torment.
You are immune to petrification.


Message History

You kill the deep elf pyromancer!
Okawaru is honoured by your kill.
The fire elemental disappears in a puff of smoke!
You slash the deep troll earth mage!
The deep troll earth mage is heavily wounded.
You hit the deep troll earth mage.
The deep troll earth mage is heavily wounded.
You block the deep troll earth mage's attack. x2
The deep troll earth mage claws you but does no damage.
The tengu conjurer gestures wildly while chanting.
You slash the deep troll earth mage!
Lightning courses through the deep troll earth mage!
The deep troll earth mage is almost dead.
A battlesphere comes into view.
The deep troll earth mage barely misses you.
The deep troll earth mage closely misses you.
The deep troll earth mage claws you!
You slash the deep troll earth mage!
Lightning courses through the deep troll earth mage!
You kill the deep troll earth mage!
Okawaru is honoured by your kill.
You can now speed up your combat.
The boulder beetle leaps!
A centaur warrior simulacrum comes into view.
Your Evocations skill increases to level 5!
Items here: )) ††.
You see here a +0 halberd.
You feel like a meek peon again.
There is an escape hatch in the ceiling here.
You see here a +0 mace.
There is a stone staircase leading up here.
You block the ettin's attack.
The ettin hits you with a +0 dire flail!!
* * * LOW HITPOINT WARNING * * *
You climb upwards.
Level annotation: 2 transporters, lawman0's ghost, journeyman TrDe
There is a stone staircase leading down here.
You gain the combat prowess of a mighty hero.
You block the ettin's attack.
The ettin hits you with a +0 dire flail!!
You die...

#.............###...
#...............#...
#................#..
#.)...........#.).#.
##............##....
#.............##...
##............###..
#C(..........# ##.
#@...........# ##.
##..........## #..
#####.....## ###
#######


You could see an ettin.

Vanquished Creatures
  A hydra (D:11)
  Harold (D:7)
  A centaur warrior (D:11)
  4 two-headed ogres
  A deep troll earth mage (D:12)
  Nergalle (D:10)
  A fire crab (shapeshifter) (D:12)
  A skeletal warrior (D:12)
  A deep elf pyromancer (D:12)
  3 manticores
  A cyclops (D:12)
  A gargoyle (D:12)
  A komodo dragon (D:11)
  A troll (D:12)
  5 slime creatures
  A hornet (D:8)
  Sigmund (D:4)
  A shadow (D:11)
  A wyvern (D:11)
  8 yaks
  A basilisk (D:12)
  9 vampire mosquitoes
  Menkaure (D:7)
  A steam dragon (D:9)
  Duvessa (D:4)
  A water moccasin (D:7)
  An orc warrior (D:9)
  3 ice beasts
  3 sky beasts
  2 necrophages
  2 ogres
  5 centaurs
  2 phantoms (D:5)
  A bullfrog (D:8)
  A gnoll sergeant (D:8)
  Dowan (D:4)
  3 scorpions
  A water moccasin zombie (D:5)
  2 water moccasin skeletons
  17 wights
  An electric eel (D:9)
  7 howler monkeys
  2 bullfrog zombies (D:6)
  7 centaur zombies
  3 jellies
  2 hounds
  2 centaur skeletons (D:7)
  2 gnoll shamans
  3 orc priests
  2 bullfrog skeletons
  3 iguanas
  10 orc wizards
  A killer bee zombie (D:6)
  2 hound skeletons
  3 howler monkey zombies
  9 gnolls (D:8)
  10 adders
  A shadow imp (D:6)
  An ufetubus (D:5)
  An adder skeleton (D:4)
  A worm (D:3)
  5 dart slugs
  23 orcs
  7 ball pythons
  4 endoplasms
  2 giant cockroaches
  5 goblins
  9 hobgoblins
  6 jackals
  5 kobolds
  2 quokkas
  6 bats
  4 frilled lizards
  5 rats (D:1)
250 creatures vanquished.

Notes
Turn   | Place    | Note
-------+----------+-------------------------------------------
     0 | D:1      | timneilson the Gargoyle Fighter began the quest for the
                  | Orb.
     0 | D:1      | Reached XP level 1. HP: 14/14 MP: 1/1
   165 | D:1      | Reached XP level 2. HP: 19/19 MP: 2/2
   220 | D:1      | Found Laomoff's General Store.
   350 | D:1      | Reached XP level 3. HP: 23/23 MP: 3/3
  1563 | D:2      | Reached XP level 4. HP: 28/28 MP: 4/4
  1854 | D:2      | Reached skill level 1 in Dodging
  1886 | D:2      | Reached XP level 5. HP: 23/33 MP: 5/5
  2962 | D:4      | Reached XP level 6. HP: 29/38 MP: 6/6
  3112 | D:4      | Found Zeopuall's Self-Improvement Boutique.
  3156 | D:4      | Noticed Sigmund
  3168 | D:4      | Killed Sigmund
  3169 | D:4      | Reached skill level 5 in Armour
  3169 | D:4      | Reached skill level 5 in Shields
  3169 | D:4      | Reached XP level 7. HP: 41/43 MP: 7/7
  3408 | D:4      | Found a staircase to the Ecumenical Temple.
  3425 | Temple   | Entered the Ecumenical Temple
  3701 | D:4      | Noticed Duvessa
  3702 | D:4      | Noticed Dowan
  4310 | D:4      | Killed Duvessa
  4316 | D:4      | Killed Dowan
  4317 | D:4      | Reached XP level 8. HP: 44/48 MP: 8/8
  4370 | D:5      | Entered Level 5 of the Dungeon
  4746 | D:5      | Reached skill level 5 in Fighting
  5238 | D:5      | Reached skill level 5 in Long Blades
  5434 | D:6      | Found Paiwkowk's Antique Armour Shop.
  5785 | D:5      | Reached XP level 9. HP: 4/54 MP: 9/9
  6086 | D:6      | Reached skill level 1 in Evocations
  6926 | D:6      | Identified the +6 whip "Megoen" {pain, rN++}
  7019 | D:6      | Found a stormy altar of Qazlal.
  7398 | D:7      | Noticed Menkaure
  7401 | D:7      | Noticed Harold
  7417 | D:7      | Killed Harold
  7421 | D:7      | Killed Menkaure
  7715 | D:7      | Found Cutuom's Assorted Antiques.
  8025 | D:7      | Reached XP level 10. HP: 50/60 MP: 10/10
  9430 | D:9      | Found a blossoming altar of Fedhas.
 11026 | D:9      | Found a sacrificial altar of Ru.
 11083 | D:9      | Found a shadowy altar of Dithmenos.
 11791 | D:10     | Entered Level 10 of the Dungeon
 11793 | D:10     | Found a glowing silver altar of Zin.
 11929 | D:10     | Found a staircase to the Orcish Mines.
 11963 | D:10     | Noticed Nergalle
 11976 | D:10     | Killed Nergalle
 11977 | D:10     | Reached XP level 11. HP: 46/67 MP: 11/11
 12263 | D:1      | Bought an amulet of reflection for 390 gold pieces
 12482 | D:10     | Noticed a two-headed ogre
 12495 | D:10     | Killed a two-headed ogre
 12518 | D:10     | Found a runed translucent gate.
 12518 | D:10     | Found a runed translucent gate.
 12518 | D:10     | Found a runed translucent gate.
 12518 | D:10     | Noticed a wolf spider
 12522 | D:10     | Noticed a wolf spider
 12522 | D:10     | Noticed a wolf spider
 12528 | D:10     | Found a runed translucent door.
 12537 | D:10     | Found the +9 staff of Olgreb {rPois∞}
 12538 | D:10     | Found a runed translucent door.
 12552 | D:10     | Found a staircase to the Lair.
 12553 | D:10     | Noticed a manticore
 12569 | D:10     | Killed a manticore
 12914 | D:10     | Found an iron altar of Okawaru.
 12943 | D:10     | Became a worshipper of Warmaster Okawaru
 13144 | D:11     | Found a transporter.
 13217 | D:11     | Reached skill level 10 in Armour
 13316 | D:11     | Found a one-way gate to the infinite horrors of the Abyss.
 13316 | D:11     | Noticed a wretched star
 13316 | D:11     | Noticed lawman0's ghost (journeyman TrDe)
 13350 | D:11     | Reached skill level 10 in Shields
 13465 | D:11     | Noticed a seven-headed hydra
 13475 | D:11     | Killed a seven-headed hydra
 13475 | D:11     | Reached * piety under Okawaru
 13476 | D:11     | Reached skill level 1 in Invocations
 13491 | D:11     | Reached skill level 5 in Dodging
 13788 | D:11     | Found a transporter.
 13882 | D:11     | Reached ** piety under Okawaru
 13920 | D:11     | Noticed a skeletal warrior
 14429 | D:11     | Noticed a two-headed ogre
 14439 | D:11     | Killed a two-headed ogre
 14656 | D:12     | Noticed a two-headed ogre
 14656 | D:12     | Noticed a skeletal warrior
 14658 | D:12     | Noticed a cyclops
 14660 | D:12     | Noticed a manticore
 14665 | D:12     | Noticed a centaur warrior
 14668 | D:12     | Noticed a manticore
 14670 | D:12     | Noticed a two-headed ogre
 14671 | D:12     | Killed a skeletal warrior
 14677 | D:12     | Reached XP level 12. HP: 67/73 MP: 11/13
 14684 | D:12     | Noticed a boulder beetle
 14694 | D:11     | Killed a two-headed ogre
 14951 | D:11     | Killed a centaur warrior
 14951 | D:11     | Reached *** piety under Okawaru
 15337 | D:12     | Killed a two-headed ogre
 15338 | D:12     | Noticed a deep troll earth mage
 15339 | D:12     | Noticed an ettin
 15349 | D:12     | Killed a deep troll earth mage
 15349 | D:12     | Reached **** piety under Okawaru
 15350 | D:12     | Reached skill level 5 in Evocations
 15369 | D:11     | Mangled by an ettin

Illustrated notes

Levels and vault maps discovered:
D:1:      lightli_arrival_farm, layout_loops_ring, serial_shops, shop,
          kennysheep_crisscross, amcnicky_mini_rare_corridor_liquid
D:2:      layout_basic
D:3:      cheibrodos_helix_gallery, layout_basic
D:4:      layout_basic, minmay_temple_entry_junction, serial_co_window_serial,
          co_window_of_opportunity_a, co_window_paths_a, co_window_paths_a,
          co_window_paths_b, co_window_of_opportunity_a, co_window_broadway_a,
          co_window_of_opportunity_c, co_window_cross_3, co_window_corner_b,
          co_window_corner_b, co_window_broadway_a, glass_columns_b,
          nicolae_shop_self_help, uniq_sigmund, uniq_duvessa
D:5:      layout_basic, roderic_lattice_a, corexii_hall_statues_t,
          hangedman_decor_slide_cut
D:6:      layout_rooms, mainiacjoe_overflow_chevrons, kennysheep_windowed_goal
D:7:      layout_loops_ring, serial_shops, shop, uniq_menkaure, uniq_harold
D:8:      layout_basic, chequers_hall_statues_corner_a
D:9:      layout_layer_cave, grunt_dithmenos_smoke_and_mirrors,
          fedhas_bush_and_centaur_altar, nicolae_ru_path_of_blood,
          nicolae_lava_and_water
D:10:     layout_rooms, mainiacjoe_overflow_tiny_flanked,
          mainiacjoe_overflow_paths, lair_entry_dummy, orc_0_dummy,
          minmay_guarded_unrand_staff_of_olgreb, uniq_nergalle
D:11:     layout_cave_pods, gammafunk_ghost_abyssal_escape
D:12:     minmay_expanding_squares, layout_cave_pools
Temple:   eino_temple_scatter_basement

Skill      XL: |  1  2  3  4  5  6  7  8  9 10 11 12 |
---------------+-------------------------------------+-----
Long Blades    | 2 3 4 5 6 7 8 9 |  9.0
Armour         | 4 5 7 8 9 10 11 | 11.1
Dodging        | 1 2 3 4 5 |  5.5
Shields        | 4 5 6 8 9 10 11 | 11.0
Fighting       | 4 5 6 7 8 |  8.2
Evocations     | 2 3 4 5 |  5.0
Invocations    | 2 3 |  3.2

Action                   |  1- 3 |  4- 6 |  7- 9 | 10-12 || total
-------------------------+-------+-------+-------+-------++-------
Melee: Long sword        |   127 |   121 |   328 |       ||   576
       Scimitar          |       |       |    84 |   542 ||   626
Invok: Heroism           |       |       |       |     4 ||     4
Evoke: Wand              |       |       |       |     7 ||     7
  Use: Scroll            |     4 |     2 |     8 |     6 ||    20
       Potion            |       |     1 |     3 |     6 ||    10
Armor: Scale mail        |    75 |    56 |   207 |    71 ||   409
       Chain mail        |       |       |       |   134 ||   134
       Plate armour      |       |       |       |   141 ||   141
Dodge: Dodged            |    63 |    67 |   209 |   249 ||   588
Block: Buckler           |    30 |    31 |   150 |   334 ||   545
       Reflection        |       |       |       |    12 ||    12

Table legend: (Time is in decaauts)
 A = Elapsed time spent in this place.
 B = Non-inter-level travel time spent in this place.
 C = Inter-level travel time spent in this place.
 D = Time resting spent in this place.
 E = Time spent auto-exploring this place.
 F = Levels seen in this place.
 G = Mean time per level.
                   A        B        C        D        E       F      G
               +--------+--------+--------+--------+--------+-----+--------+
         Total |  15540 |  14874 |    666 |   2668 |   8846 |  13 | 1195.4 |
       Dungeon |  15312 |  14659 |    653 |   2668 |   8646 |  12 | 1276.0 |
        Temple |    228 |    215 |     13 |      0 |    200 |   1 |  228.0 |
               +--------+--------+--------+--------+--------+-----+--------+

Top non-repeatable levels by time:
     D:5: 2037 daAuts
    D:11: 1951 daAuts
     D:8: 1824 daAuts
     D:9: 1614 daAuts
     D:7: 1330 daAuts
     D:4: 1243 daAuts
     D:1: 1226 daAuts
     D:2: 1047 daAuts
    D:10: 975 daAuts
     D:3: 915 daAuts
     D:6: 858 daAuts
    D:12: 287 daAuts
  Temple: 228 daAuts
